[Event "*** SCC Grand Prix: Titled Tuesday Blitz"]
[Site "Chess.com"]
[Date "2020.08.25"]
[Round "4"]
[White "Siemba"]
[Black "tdf98pantani"]
[Result "1-0"]
[WhiteElo "2480"]
[BlackElo "2656"]
[TimeControl "180+1"]
[EndTime "10:41:23 PDT"]
[Termination "Siemba won by resignation"]

1. e4 e5 2. Nf3 Nc6 3. Nc3 Nf6 4.
d4 exd4 5. Nxd4 Bb4 6. Nxc6 bxc6 7. Bd3 d6 8. O-O Nd7 9. Ne2 O-O 10. Nd4 Bb7 11. c3 Bc5 12. Bc2 Bb6 13. Qg4 Ne5 14.
Qg3 Kh8 15. Kh1 c5 16. Nf5 g6 17. Nh6 f6 18. f4 Nf7 19. Nxf7+ Rxf7 20. Bd2 Qd7 21.
e5 dxe5 22. Rad1 exf4 23. Bxf4 Qc6 24. Qh3 Rg8 25. Rfe1 c4 26. Be4 Qxe4 27. Rxe4 Bxe4 28. Qe6 g5 29. Bg3 Bg6 30. Rf1 Rgf8 31. h4 h6 32. Kh2 Kg7 33. hxg5 hxg5 34. Bf2 Bd3 35. Bxb6 Bxf1 36. Bxa7 Bd3 37. Bd4 Kg6 38. b3 Rh8+ 39.
Kg1 Rh4 40. b4 Re4 41. Qc8 Re2 42. Qg8+ Rg7 43. Qd5 Be4 44. Qe6 Rxg2+ 45. Kf1 Bf3 46. Qxf6+ Kh5 47. Qxf3+ Rg4 48. Bxg7 Kh4 49. Qh1+ Kg3 50.
Be5+ 1-0

[Event "*** SCC Grand Prix: Titled Tuesday Blitz"]
[Site "Chess.com"]
[Date "2020.08.25"]
[Round "4"]
[White "guillembaches"]
[Black "PawnEatingZombie"]
[Result "0-1"]
[WhiteElo "2408"]
[BlackElo "2239"]
[TimeControl "180+1"]
[EndTime "10:41:23 PDT"]
[Termination "PawnEatingZombie won by resignation"]

1. e4 c6 2. c4 d5 3. exd5 cxd5 4. cxd5 Nf6 5. Nc3 g6 6. Nf3 Bg7 7. Bc4 Na6 8. O-O Nc7 9. Qb3 O-O 10. d3 a6 11. a4 b5 12. axb5 axb5 13. Rxa8 bxc4 14. Rxc8 cxb3 15. Rxd8 Rxd8 16. Nd4 Nfxd5 17. Nxb3 Nxc3 18. bxc3 Rxd3 19. Nd4 Rxc3 20. Nf3 Nd5 21. Rd1 e6 22. h4 h6 23. Bb2 Rc4 24. Bxg7 Kxg7 25. g3 Ra4 26. Rb1 Kf6 27. Kg2 Nc3 28. Re1 Ra2 29. Nd4 Nd5 30. Kf3 g5 31. hxg5+ hxg5 32. Rd1 Kg6 33. Re1 Rb2 34. Nc6 Nf6 35. Ne5+ Kg7 36.
Rc1 g4+ 37. Ke3 Nd5+ 38. Ke4 Rxf2 39. Nxg4 f5+ 40. Ke5 fxg4 41. Kxe6 Ne3 42. Rc3 Rf3 43. Rc5 Kg6 44. Ke7 Rxg3 45. Re5 Rf3 46. Kd6 g3 47. Re6+ Kg5 48. Re8 Kg4 49. Rg8+ Kh3 50. Ke5 Kg2 51. Ke4 Kf2 52. Rf8 Rxf8 0-1

[Event "*** SCC Grand Prix: Titled Tuesday Blitz"]
[Site "Chess.com"]
[Date "2020.08.25"]
[Round "4"]
[White "murtas73"]
[Black "WPWPWP-2015"]
[Result "0-1"]
[WhiteElo "2654"]
[BlackElo "2473"]
[TimeControl "180+1"]
[EndTime "10:41:25 PDT"]
[Termination "WPWPWP-2015 won on time"]

1. d4 Nf6 2. c4 c6 3. Nf3 d5 4. e3 Bf5 5. Nc3 e6 6. Nh4 Bg6 7. Be2 Nbd7 8. O-O Be7 9. g3 O-O 10. b3 a5 11. Nxg6 hxg6 12. Bf3 Re8 13. Qc2 Bb4 14. Bb2 Rc8 15. Rfd1 b5 16. Ne2 Bf8 17. Rac1 bxc4 18. bxc4 Nb6 19. c5 Nc4 20. Bc3 e5 21. Rb1 exd4 22. Bxd4 Ne4 23. Nf4 Na3 24. Qd3 Nxb1 25.
Qxb1 Nxc5 26. h4 Ne4 27. h5 gxh5 28. Bxh5 c5 29. Ba1 d4 30. exd4 c4 31. d5 Bc5 32.
Bxf7+ Kxf7 33. Ne6 Bxf2+ 34. Kg2 Qd6 35. Qxe4 Qxg3+ 36. Kf1 Kg8 37. Ke2 c3 38. Rh1 Qe3+ 39. Qxe3 Bxe3 40. Kxe3 c2 41. Kd2 Re7 0-1

[Event "*** SCC Grand Prix: Titled Tuesday Blitz"]
[Site "Chess.com"]
[Date "2020.08.25"]
[Round "4"]
[White "JesseKraai"]
[Black "ZverevLev"]
[Result "1-0"]
[WhiteElo "2565"]
[BlackElo "2357"]
[TimeControl "180+1"]
[EndTime "10:41:26 PDT"]
[Termination "JesseKraai won on time"]

1. d4 Nf6 2. c4 e6 3. Nc3 Bb4 4.
e3 d5 5. Nf3 O-O 6. Bd3 dxc4 7.
Bxc4 b6 8. O-O Bb7 9. Qe2 Nbd7 10. Rd1 Qe7 11. Bd3 e5 12. dxe5 Nxe5 13. Nxe5 Qxe5 14. e4 Rad8 15. f4 Qe7 16. e5 Nd5 17. Ne4 f5 18. Ng5 h6 19. Nf3 Bc5+ 20. Kh1 Nb4 21. Bc4+ Kh8 22.
Bd2 Nc2 23. Rac1 Bxf3 24. Qxf3 Nd4 25. Qh3 Ne6 26. Qf3 Nd4 27. Qf1 Ne6 28. Bc3 c6 29. a3 b5 30. Ba2 Be3 31. Rxd8 Rxd8 32. Re1 Bb6 33. g3 c5 34. Qg2 b4 35. Bxe6 bxc3 36.
Bxf5 Rd2 37. Qa8+ Rd8 38. Qe4 cxb2 39. Rb1 Rd4 40. Qc2 Qb7+ 41. Qg2 Qxg2+ 42. Kxg2 Rd2+ 43. Kf3 c4 44. Be4 c3 45. e6 Bc5 46. a4 Be7 47. h4 g6 48. Ke3 c2 49. Bxc2 Rxc2 50. Kd3 1-0

[Event "*** SCC Grand Prix: Titled Tuesday Blitz"]
[Site "Chess.com"]
[Date "2020.08.25"]
[Round "4"]
[White "evgenyermolaev"]
[Black "Srisshhhtea"]
[Result "1-0"]
[WhiteElo "2479"]
[BlackElo "2295"]
[TimeControl "180+1"]
[EndTime "10:41:26 PDT"]
[Termination "evgenyermolaev won by resignation"]

1. d4 Nf6 2. Nc3 d5 3. Bf4 Bf5 4. Nf3 e6 5. e3 h6 6. Ne5 Bd6 7. g4 Bh7 8. h4 Ne4 9. Nxe4 Bxe4 10.
f3 Bh7 11. Bd3 Bxd3 12. Qxd3 Nd7 13. O-O-O Bxe5 14. dxe5 Qe7 15. e4 Nb6 16. Bg3 O-O-O 17. Qe2 Qb4 18. c3 Qa4 19. b3 Qa3+ 20. Kb1 dxe4 21.
Qxe4 Nd5 22. Rc1 Kb8 23. f4 Rd7 24. Bf2 Rhd8 25. Qc4 Nxf4 26. Bc5 Qa5 27. Bb4 Qxe5 28. Rce1 Qf6 29. Rhf1 Qg6+ 30. Ka1 Nd3 31. Rb1 Nxb4 32.
Qxb4 Rd6 33. h5 Qxg4 34. Qxg4 g5 35. Rxf7 Rd5 36. Qf3 e5 37. Rf8 e4 38. Qxe4 Rd2 39.
Rxd8+ Rxd8 40. Qe6 Rc8 41. Qxh6 c6 42. Qg7 a6 43. h6 Rd8 44. h7 Rc8 45. h8=Q Rd8 46. Qxd8+ Ka7 47. Qdc7 1-0

[Event "*** SCC Grand Prix: Titled Tuesday Blitz"]
[Site "Chess.com"]
[Date "2020.08.25"]
[Round "4"]
[White "SavelievAlexei"]
[Black "GAusal"]
[Result "1-0"]
[WhiteElo "2404"]
[BlackElo "2158"]
[TimeControl "180+1"]
[EndTime "10:41:26 PDT"]
[Termination "SavelievAlexei won by checkmate"]

1. e4 e5 2. Nf3 Nc6 3. Bc4 Nd4 4. Nxe5 Qg5 5. Bxf7+ Kd8 6. Ng4 Nh6 7. c3 Nc2+ 8. Qxc2 Qxg4 9. Bc4 Qxg2 10. Rf1 Ng4 11. d4 Be7 12. Bf4 Rf8 13. Bg3 Ne3 14. Qd2 Nxf1 15. Bxf1 Qf3 16. Bd3 Qf7 17. Na3 d6 18. Nc4 Bd7 19. O-O-O Kc8 20. e5 d5 21. Ne3 Be6 22.
c4 c6 23. c5 Bg5 24. b4 Bxe3 25. Qxe3 a6 26. a4 Bf5 27. Be2 Be4 28. Kb2 Bf3 29. Rd2 Bxe2 30. Rxe2 Qf3 31. e6 Qxe3 32. Rxe3 Re8 33. e7 Kd7 34. Bd6 g6 35. f4 a5 36.
b5 cxb5 37. axb5 b6 38. Ka3 bxc5 39. dxc5 Rac8 40. Ka4 Ra8 41. Re5 Rac8 42. Rxd5 Ra8 43. Rd4 Rxe7 44. Bxe7+ Kxe7 45. c6 Rc8 46. Kxa5 Ra8+ 47.
Kb4 Ra1 48. Kc5 Rc1+ 49. Rc4 Rb1 50. b6 Kd8 51. b7 Kc7 52. Rb4 Rc1+ 53. Kd5 Rd1+ 54.
Ke6 Rd6+ 55. Ke7 Rxc6 56. b8=Q# 1-0

[Event "*** SCC Grand Prix: Titled Tuesday Blitz"]
[Site "Chess.com"]
[Date "2020.08.25"]
[Round "4"]
[White "alexgo05"]
[Black "Maksimus1998"]
[Result "0-1"]
[WhiteElo "2356"]
[BlackElo "2601"]
[TimeControl "180+1"]
[EndTime "10:41:27 PDT"]
[Termination "Maksimus1998 won on time"]

1. e4 c5 2. Nf3 d6 3. d4 cxd4 4. Nxd4 Nf6 5. Nc3 Bd7 6. Bg5 e6 7. f4 h6 8. Bh4 a6 9. Qf3 Qc7 10.
O-O-O Be7 11. g4 Nc6 12. Nb3 b5 13. Bf2 b4 14. Ne2 a5 15. Nbd4 Nxd4 16. Nxd4 Rc8 17. Bd3 a4 18. Kb1 a3 19. f5 e5 20. Nb3 axb2 21. h4 Ba4 22. g5 Nd7 23. Be3 h5 24. Rd2 Nb6 25. Bxb6 Qxb6 26. Rhd1 Ra8 27. f6 gxf6 28.
gxf6 Bf8 29. Bc4 Rh6 30. Kxb2 Rc8 31. Qd3 Rxf6 32. Rg2 Rf4 33. Rg8 Ke7 34. Qd5 Bxb3 35. cxb3 Rf2+ 36. Rd2 Rxd2+ 37. Qxd2 Qd4+ 38. Qxd4 exd4 39.
Kc2 Ra8 40. Kd3 Rxa2 41. Kxd4 Rh2 42. Rg5 Rxh4 43. Be2 Rh2 44. Bxh5 Bh6 45. Rf5 f6 46. Kc4 Bd2 47. Bg4 Rg2 48. Bf3 Rg1 49. Rb5 Rc1+ 50. Kd5 Rc3 51. Rb7+ Kf8 52. Kxd6 Rxf3 53. Ke6 Bc3 0-1

[Event "*** SCC Grand Prix: Titled Tuesday Blitz"]
[Site "Chess.com"]
[Date "2020.08.25"]
[Round "4"]
[White "ThePatrick27"]
[Black "Witik"]
[Result "0-1"]
[WhiteElo "2456"]
[BlackElo "2660"]
[TimeControl "180+1"]
[EndTime "10:41:28 PDT"]
[Termination "Witik won by resignation"]

1. d4 Nf6 2. c4 g6 3. Nc3 Bg7 4. e4 d6 5. Nf3 O-O 6. Be2 e5 7. Be3 Ng4 8. Bg5 f6 9. Bh4 g5 10. Bg3 Nh6 11. c5 Nc6 12. cxd6 cxd6 13. dxe5 dxe5 14.
Qd5+ Kh8 15. Qxd8 Rxd8 16. Bc4 Bg4 17. Ng1 Nd4 18. Rc1 Rac8 19. Bd5 b5 20. f3 Bh5 21.
Bf2 Bf7 22. Bxf7 Nxf7 23. Nge2 b4 24. Nd5 Rxc1+ 25. Nxc1 Rc8 26. Kd1 a5 27. Bxd4 exd4 28. Nd3 Nd6 29. Kd2 Nc4+ 30. Ke2 Nxb2 31. Nxb2 Rc2+ 32. Kd3 Rxb2 33. Rc1 h5 34. Rc8+ Kh7 35. Rc7 Rxg2 36. Nxf6+ Kg6 37. Nd5 Be5 38. Rc6+ Kf7 39. h4 gxh4 40. f4 Rg3+ 41. Ke2 d3+ 42. Kd2 Bc3+ 43.
Nxc3 bxc3+ 44. Rxc3 h3 45. Rc5 Kg6 46. Rc6+ Kh7 47.
Rc5 Kh6 48. Rc6+ Rg6 49. Rc1 h2 50. Rh1 Rg2+ 51. Kxd3 Rxa2 52. e5 Kg6 53. Ke4 Re2+ 54. Kd5 Kf5 55. e6 Rd2+ 56. Kc5 Kxe6 57. Kb5 Kf5 58.
Kxa5 Kxf4 59. Kb4 Kg3 60. Kc3 Rf2 0-1

[Event "*** SCC Grand Prix: Titled Tuesday Blitz"]
[Site "Chess.com"]
[Date "2020.08.25"]
[Round "4"]
[White "paulrusan"]
[Black "Gvetadze"]
[Result "1/2-1/2"]
[WhiteElo "2197"]
[BlackElo "2399"]
[TimeControl "180+1"]
[EndTime "10:41:28 PDT"]
[Termination "Game drawn by stalemate"]

1. e4 c5 2. b4 cxb4 3. Bb2 Nc6 4. d4 d5 5. exd5 Qxd5 6. c4 bxc3 7. Nxc3 Qa5 8. d5 Ne5 9. Qd4 Nd7 10. Nf3 Ngf6 11.
Bc4 g6 12. d6 e5 13. Bxf7+ Kxf7 14. Qc4+ Kg7 15. Ng5 Bxd6 16. O-O-O Rf8 17. Rxd6 Nb6 18. Qh4 Nh5 19. Nge4 Nc4 20. Qe7+ Rf7 21. Qd8 Qxd8 22. Rxd8 b6 23. Rhd1 Bb7 24. Rxa8 Bxa8 25. g3 Nxb2 26.
Kxb2 Bc6 27. Rd6 Rc7 28. Ng5 Rc8 29. Nce4 Bxe4 30. Nxe4 Rc7 31. Ng5 Kh6 32. h4 Ng7 33.
g4 Re7 34. Rf6 Ne8 35. Rf7 Rxf7 36. Nxf7+ Kg7 37. Nxe5 Nd6 38. f3 Kf6 39. Nd7+ Ke7 40. Ne5 Ke6 41. Nc6 a6 42. Kc3 Nb5+ 43. Kd3 a5 44. Nd4+ Nxd4 45. Kxd4 Kd6 46. f4 b5 47. a3 b4 48. axb4 axb4 49. Kc4 b3 50.
Kxb3 Kd5 51. Kc3 Ke4 52. f5 gxf5 53. gxf5 Kxf5 54. Kd4 Kg4 55. Ke4 h5 56. Ke3 Kxh4 57. Kf2 Kh3 58. Kg1 h4 59. Kh1 Kg3 60. Kg1 h3 61.
Kh1 h2 1/2-1/2

[Event "*** SCC Grand Prix: Titled Tuesday Blitz"]
[Site "Chess.com"]
[Date "2020.08.25"]
[Round "4"]
[White "ExtremeLearner"]
[Black "arminmusovic"]
[Result "1-0"]
[WhiteElo "2398"]
[BlackElo "2576"]
[TimeControl "180+1"]
[EndTime "10:41:30 PDT"]
[Termination "ExtremeLearner won by checkmate"]

1. d4 d5 2. Nf3 Nf6 3. g3 c5 4. Bg2 Nc6 5. O-O e6 6. c4 dxc4 7. Ne5 Nxe5 8. dxe5 Qxd1 9. Rxd1 Nd5 10. Na3 Bd7 11.
Nxc4 Bc6 12. Na5 Be7 13. Nxc6 bxc6 14. Bd2 Rb8 15. b3 O-O 16. Rac1 Rfd8 17. Ba5 Rdc8 18.
Rc4 Kf8 19. Rdc1 Ke8 20. f4 g6 21. e4 Nb6 22. R4c2 Rd8 23. Bc3 Rd3 24. Bf1 Rd7 25.
Ba5 Rbd8 26. Be1 Rd1 27. Bf2 Rxc1 28. Rxc1 Rd2 29. a4 Rb2 30. Bxc5 Bxc5+ 31. Rxc5 Kd7 32. a5 Nc8 33. Rc3 Rb1 34. Kf2 Ne7 35. Bc4 Rb2+ 36.
Kg1 Kc7 37. Rd3 Nc8 38. g4 Rb1+ 39. Kg2 Rb2+ 40. Kg3 Ne7 41. h4 Ng8 42. f5 Ne7 43. f6 Nc8 44. Kf4 Rf2+ 45. Kg5 Rh2 46. Kh6 Rxh4+ 47.
Kg7 Rxg4 48. Kxf7 h5 49. Ke8 h4 50. Ba6 Nb6 51. axb6+ Kxb6 52. Bc4 g5 53. f7 Rf4 54. Bxe6 g4 55. Bf5 g3 56. f8=Q g2 57. Qb4+ Kc7 58. Rd7+ Kc8 59. Qb7# 1-0

[Event "*** SCC Grand Prix: Titled Tuesday Blitz"]
[Site "Chess.com"]
[Date "2020.08.25"]
[Round "4"]
[White "romulocardoso"]
[Black "dpopadic"]
[Result "1-0"]
[WhiteElo "2022"]
[BlackElo "2356"]
[TimeControl "180+1"]
[EndTime "10:41:32 PDT"]
[Termination "romulocardoso won on time"]

1. e4 c5 2. Nf3 Nc6 3. d4 cxd4 4. Nxd4 Nf6 5. Nc3 e5 6. Ndb5 d6 7. Bg5 a6 8. Na3 b5 9. Bxf6 gxf6 10. Nd5 Bg7 11.
c4 f5 12. cxb5 Nd4 13. bxa6 O-O 14. Bd3 fxe4 15. Bxe4 Bxa6 16. Nb4 Qa5 17. Qd2 Rac8 18. Nxa6 Qxa6 19. Bd3 Qb7 20. O-O d5 21. Rac1 e4 22. Bb1 Qa6 23. Kh1 f5 24. Rxc8 Rxc8 25. Rc1 Rd8 26.
Nc2 Ne6 27. Nb4 Qb5 28. Nc6 Rd6 29. Ne7+ Kf7 30. Nxf5 Rc6 31. Nxg7 Nxg7 32. h3 Ne6 33. Rxc6 Qxc6 34. Qh6 Qc5 35. Qxh7+ Kf6 36. Qh4+ Kf7 37.
Qh7+ Ng7 38. Qh6 Qxf2 39. Qc1 Qd4 40. Qc7+ Kf6 41. Qc3 Ke5 42. Kh2 Nf5 43. a4 Qxc3 44. bxc3 Nd6 45. a5 Kf4 46. a6 Nc8 47. g3+ Kf3 48.
Ba2 Nb6 49. a7 1-0

[Event "*** SCC Grand Prix: Titled Tuesday Blitz"]
[Site "Chess.com"]
[Date "2020.08.25"]
[Round "4"]
[White "Artur0208"]
[Black "ChessBitl"]
[Result "0-1"]
[WhiteElo "2679"]
[BlackElo "2494"]
[TimeControl "180+1"]
[EndTime "10:41:34 PDT"]
[Termination "ChessBitl won by resignation"]

1. d4 Nf6 2. c4 g6 3. Nc3 Bg7 4. e4 d6 5. Be2 O-O 6. Be3 Nc6 7.
Nf3 Bg4 8. d5 Bxf3 9. Bxf3 Ne5 10. Be2 c6 11. O-O e6 12. dxe6 fxe6 13. f4 Nf7 14.
Qd2 Qe7 15. Bf3 e5 16. f5 gxf5 17. exf5 e4 18. Be2 Rad8 19. Rad1 d5 20. cxd5 Nxd5 21. Nxd5 cxd5 22. Bd4 Bxd4+ 23. Qxd4 Ne5 24. Qxa7 Nc6 25. Qe3 Qf6 26. Rd2 Qe5 27. Qg3+ Qxg3 28. hxg3 Kg7 29. g4 d4 30. Bb5 Kf6 31. Re1 Rfe8 32. Kh2 e3 33.
Rdd1 Re4 34. Kg3 Ne5 35. Be2 Rg8 36. Bf3 Rexg4+ 37. Bxg4 Rxg4+ 38. Kh3 Kxf5 39. Rc1 Kf4 40. Rf1+ Ke4 41. Rc5 Rg7 42. Rf8 e2 43. Re8 Rg5 44. Rc1 d3 45. Rd8 h5 46. g3 Rf5 47.
Kg2 Ke3 48. b4 Rf2+ 49. Kh3 d2 50. Rc3+ Ke4 51. Rxd2 e1=Q 52. Rxf2 Qxf2 0-1

[Event "*** SCC Grand Prix: Titled Tuesday Blitz"]
[Site "Chess.com"]
[Date "2020.08.25"]
[Round "4"]
[White "Mr_Sinigami"]
[Black "Firouzja2003"]
[Result "1/2-1/2"]
[WhiteElo "2543"]
[BlackElo "2974"]
[TimeControl "180+1"]
[EndTime "10:41:35 PDT"]
[Termination "Game drawn by repetition"]

1. d4 d5 2. Nf3 e6 3. Bf4 Nf6 4. e3 Bd6 5. Bg3 O-O 6. Nbd2 c5 7. c3 Nc6 8. Bb5 Bxg3 9. hxg3 Qb6 10. Qe2 Ne7 11.
Rb1 Ng6 12. Bd3 Bd7 13. Ne5 Ba4 14. g4 c4 15. Bxg6 fxg6 16. g5 Nd7 17. Nxd7 Bxd7 18. Nf3 e5 19. Nxe5 Bf5 20. Rd1 Rae8 21. f3 Rxe5 22.
dxe5 Bd3 23. Qf2 Re8 24. f4 Re6 25. Rd2 a5 26. Qg3 a4 27. a3 Re8 28. Kf2 Rf8 29. Qh4 Kf7 30. Qxh7 Qc5 31. Qh4 Ke8 32. Qg3 Kd7 33.
Rh7 Qe7 34. Qg4+ Kc6 35. Kg1 Qc5 36. Qg3 Qe7 37. Qf2 Be4 38. Rd4 Bd3 39. Qd2 b5 40.
Rxd3 cxd3 41. Qxd3 Qf7 42. Qd4 Qf5 43. Rxg7 Qb1+ 44.
Kf2 Qc2+ 45. Kf3 Qb1 46. Re7 Qf1+ 47. Kg3 Qe1+ 48. Kf3 Qf1+ 49. Kg3 Qe1+ 50. Kg4 Qe2+ 51. Kg3 Qe1+ 1/2-1/2

[Event "*** SCC Grand Prix: Titled Tuesday Blitz"]
[Site "Chess.com"]
[Date "2020.08.25"]
[Round "4"]
[White "Gerodot71"]
[Black "MarcoCorvi"]
[Result "0-1"]
[WhiteElo "2411"]
[BlackElo "2242"]
[TimeControl "180+1"]
[EndTime "10:41:35 PDT"]
[Termination "MarcoCorvi won by resignation"]

1. d4 f5 2. c4 Nf6 3. Nf3 d6 4. e3 e6 5. b4 Be7 6. Bb2 O-O 7. Nbd2 Ne4 8. Bd3 Nxd2 9. Qxd2 Bf6 10. O-O-O Qe7 11. Kb1 e5 12. Bc2 a5 13. b5 e4 14.
Ne1 c6 15. a4 cxb5 16. cxb5 Nd7 17. Bb3+ Kh8 18. Nc2 Nb6 19. h3 Be6 20. d5 Bf7 21.
Bxf6 Qxf6 22. Qd4 Qxd4 23. Rxd4 Rfc8 24. Kb2 Rc5 25. Rhd1 Rac8 26. R1d2 g6 27. h4 Kg7 28.
g3 Kf6 29. Kb1 Ke5 30. Kb2 Nc4+ 31. Bxc4 Rxc4 32. Na1 Rxd4 33. Rxd4 Bxd5 34. Nc2 Bc4 35. Rd2 Bd3 36. Ne1 Bc4 37. Rc2 d5 38. Rd2 h6 39.
Rc2 g5 40. hxg5 hxg5 41. Rd2 Rh8 42. Nc2 Rh2 43. Nd4 f4 44. gxf4+ gxf4 45. Kc3 f3 46. Kb2 Be2 47. Rc2 Rxf2 48. Rc7 Bc4+ 49. Kc3 Ra2 50.
Rh7 Kf6 51. Rh6+ Kg5 52. Rh8 Ra3+ 53. Kd2 Rxa4 54. Rg8+ Kh4 55. Rh8+ Kg3 56. Nf5+ Kf2 57. Rh2+ Kg1 0-1

[Event "*** SCC Grand Prix: Titled Tuesday Blitz"]
[Site "Chess.com"]
[Date "2020.08.25"]
[Round "4"]
[White "vladislavkovalev"]
[Black "Supernotar"]
[Result "0-1"]
[WhiteElo "2878"]
[BlackElo "2731"]
[TimeControl "180+1"]
[EndTime "10:41:36 PDT"]
[Termination "Supernotar won on time"]

1. e4 c6 2. Nf3 d5 3. Nc3 Bg4 4. h3 Bxf3 5. Qxf3 e6 6. Be2 dxe4 7. Nxe4 Nd7 8. d4 Ngf6 9. c3 Nxe4 10. Qxe4 Nf6 11.
Qd3 Be7 12. O-O O-O 13. a4 a5 14. Bf3 Qb6 15. Qe2 Rfd8 16. g3 Rd7 17. Kg2 Rad8 18. h4 Nd5 19. h5 h6 20. Re1 Bf6 21. Be4 Kf8 22. Bc2 Be7 23. Qe4 Nf6 24. Qf3 Nd5 25. Re2 Nf6 26. Rb1 Rd5 27. g4 Kg8 28. Bf4 Kf8 29. Rbe1 Qxb2 30. Bb1 Qb6 31. Ba2 R5d7 32. Rb1 Qa6 33. Be5 b5 34. Reb2 b4 35. Rc2 Nd5 36. c4 Nc3 37. Rxc3 bxc3 38. c5 c2 39. Rc1 Rd5 40.
Bxd5 Rxd5 41. Rxc2 f6 42. Rb2 Kf7 43. Rb6 Qc8 44.
Rb8 Qd7 45. Qe4 f5 46. Qf3 Bxc5 47. gxf5 exf5 48. Qg3 Bf8 49. Qg6+ Kg8 50. Re8 Qf7 0-1

[Event "*** SCC Grand Prix: Titled Tuesday Blitz"]
[Site "Chess.com"]
[Date "2020.08.25"]
[Round "4"]
[White "lider34"]
[Black "GregShahade"]
[Result "0-1"]
[WhiteElo "2400"]
[BlackElo "2671"]
[TimeControl "180+1"]
[EndTime "10:41:36 PDT"]
[Termination "GregShahade won on time"]

1. e4 e5 2. Nc3 Nf6 3. g3 d5 4. exd5 Nxd5 5. Bg2 Nxc3 6. bxc3 Nc6 7. Nf3 Bc5 8. O-O O-O 9. Re1 Qf6 10. d3 h6 11. Be3 Bb6 12. Nd2 Bf5 13. Qe2 Rfe8 14.
h3 Rad8 15. Kh2 Bg6 16. a4 Ba5 17. Ra3 Nd4 18. Qd1 Nf5 19. Nc4 Nxe3 20. fxe3 Bb6 21. Qf3 Qxf3 22. Bxf3 e4 23. dxe4 Bxe4 24. Kg2 Bc5 25. Rb3 b6 26. a5 Bxc2 27. Rb2 Be4 28.
axb6 axb6 29. Rd2 Bd3 30. Red1 b5 31. Nb2 Bxe3 32. Rxd3 Rxd3 33. Rxd3 Bb6 34. Nd1 Re1 35. Nf2 g6 36. g4 Rc1 37. Ne4 Kg7 38. Kg3 c5 39. Nd6 b4 40. cxb4 cxb4 41. Rd5 Bc7 42. Kg2 Rc2+ 43. Kf1 b3 44. Ne4 Rc1+ 45. Rd1 Rc2 46.
Nd2 b2 47. Be4 Be5 48. Bxc2 h5 49. Ke2 f5 50. Kd3 fxg4 0-1

[Event "*** SCC Grand Prix: Titled Tuesday Blitz"]
[Site "Chess.com"]
[Date "2020.08.25"]
[Round "4"]
[White "margarita_2703"]
[Black "ChessWarrior3"]
[Result "1-0"]
[WhiteElo "2391"]
[BlackElo "2105"]
[TimeControl "180+1"]
[EndTime "10:41:36 PDT"]
[Termination "margarita_2703 won on time"]

1. Nf3 c5 2. d4 cxd4 3. Nxd4 d5 4. c4 e5 5. Nf3 d4 6. e3 Nc6 7. exd4 exd4 8. Bd3 Bb4+ 9. Nbd2 Qe7+ 10. Qe2 Bg4 11.
O-O Qxe2 12. Bxe2 Nf6 13. h3 Bf5 14. Re1 O-O 15. a3 Bd6 16. b4 d3 17. Bf1 Rae8 18. Bb2 Bf4 19. Rad1 Nd7 20. Nb3 Nb6 21. Rxe8 Rxe8 22.
Bc1 Bxc1 23. Rxc1 Be4 24. Nfd2 f5 25. Nc5 Nd4 26. f3 Bc6 27. Bxd3 Na4 28. Nxa4 Bxa4 29. Kf2 Rd8 30. c5 Nc6 31. Bc4+ Kf8 32. Nb1 Ne5 33.
Be2 f4 34. Nc3 Bb3 35. Ne4 Nd3+ 36. Bxd3 Rxd3 37. Rc3 Rxc3 38. Nxc3 Bc4 39. Ne4 h6 40. Nd6 Bd5 41. Ke2 g5 42. Kd3 Ke7 43. Kd4 Bc6 44.
b5 Bd7 45. a4 h5 46. Nxb7 Bf5 47. Ke5 Bd3 48. c6 g4 49. hxg4 hxg4 50. Nc5 Bf1 51. c7 Kf7 52. c8=Q 1-0

[Event "*** SCC Grand Prix: Titled Tuesday Blitz"]
[Site "Chess.com"]
[Date "2020.08.25"]
[Round "4"]
[White "elcandado"]
[Black "Revnov"]
[Result "0-1"]
[WhiteElo "2515"]
[BlackElo "2703"]
[TimeControl "180+1"]
[EndTime "10:41:37 PDT"]
[Termination "Revnov won on time"]

1. d4 e6 2. Bf4 d5 3. e3 Bd6 4. Bg3 Nf6 5. Nd2 Nbd7 6. Ngf3 b6 7. Bd3 Bb7 8. Qe2 Qe7 9. e4 dxe4 10. Nxe4 Nxe4 11.
Bxe4 Bxe4 12. Qxe4 O-O 13. c3 Rae8 14. Ne5 Bxe5 15. Bxe5 Nxe5 16. Qxe5 Rd8 17. O-O Rd5 18. Qe4 Rfd8 19. Rae1 c5 20. dxc5 Qxc5 21. h3 g6 22. Qa4 a5 23. Re4 Rd2 24. Rc4 Qf5 25. Qb3 b5 26. Rc7 a4 27. Qb4 Kg7 28. Rc5 R8d5 29. Rxd5 Qxd5 30. Rb1 Qxa2 31. Qe4 Qd5 32. Qe3 Qd3 33. Qe1 h6 34. Qe5+ Kg8 35. Re1 Qf5 36. Qb8+ Kg7 37. Qa7 Rxb2 38. Rd1 Rb1 39. Rxb1 Qxb1+ 40. Kh2 Qf5 41. Qd4+ Kh7 42. Qb4 Qe5+ 43. g3 Qd5 44.
Qe7 e5 45. h4 e4 46. Kg1 h5 47. Qf6 Kg8 48. Qe7 Kg7 49. Kh2 Qb3 50. Qe5+ Kh7 51.
Qf6 a3 52. g4 hxg4 53. h5 a2 54. hxg6+ fxg6 55. Qe7+ Kg8 56. Qd8+ Kg7 0-1

[Event "*** SCC Grand Prix: Titled Tuesday Blitz"]
[Site "Chess.com"]
[Date "2020.08.25"]
[Round "4"]
[White "JozefKneht"]
[Black "Shushik"]
[Result "1-0"]
[WhiteElo "2445"]
[BlackElo "2265"]
[TimeControl "180+1"]
[EndTime "10:41:38 PDT"]
[Termination "JozefKneht won on time"]

1. Nf3 d5 2. d4 Nf6 3. Bf4 c5 4.
e3 Nc6 5. c3 Qb6 6. Qb3 c4 7. Qc2 Bf5 8. Qc1 h6 9. Nbd2 e6 10. h3 Qd8 11. Be2 b5 12. b3 Qa5 13.
b4 Qd8 14. a4 a6 15. O-O Be7 16. Qb2 O-O 17. axb5 axb5 18. Rxa8 Qxa8 19. Ra1 Qb7 20. Qa3 Nd7 21. Qa6 Qxa6 22. Rxa6 Rc8 23. g4 Bg6 24. Ne5 Ndxe5 25. Bxe5 Nxb4 26. cxb4 c3 27. Nb3 c2 28. Bxb5 c1=Q+ 29. Nxc1 Rxc1+ 30. Kg2 Bxb4 31. Ra8+ Kh7 32. Ra7 Rc2 33. Be8 Be1 34. Bg3 Bd2 35. Kg1 Be1 36. Bxf7 Bxf7 37. Rxf7 Kg6 38. Re7 Kf6 39.
Rb7 Ra2 40. Be5+ Kg5 41. Rxg7+ Kh4 42. Bg3+ Kxh3 43. Rg6 Rb2 44. Rxh6+ Kxg4 45. Rxe6 Kf3 46. Rf6+ Ke4 47. Kg2 Kd3 48. Rf5 Ke4 49. Re5+ Kd3 50.
Rxd5 Bd2 51. Re5 Be1 52. Kf3 Bc3 53. Re8 Rb5 54. Rc8 Rf5+ 55. Kg4 Rf8 56. d5 Rg8+ 57.
Rxg8 1-0

[Event "*** SCC Grand Prix: Titled Tuesday Blitz"]
[Site "Chess.com"]
[Date "2020.08.25"]
[Round "4"]
[White "TurboSteen"]
[Black "CarrotsandPizza"]
[Result "1/2-1/2"]
[WhiteElo "2050"]
[BlackElo "2358"]
[TimeControl "180+1"]
[EndTime "10:41:38 PDT"]
[Termination "Game drawn - insufficient material"]

1. e4 c5 2. Nc3 Nc6 3. Bb5 e6 4. Nge2 d5 5. exd5 exd5 6. d4 c4 7. b3 cxb3 8. axb3 Bb4 9. O-O Nf6 10. Bg5 Be6 11. Ra4 a5 12. Qa1 O-O 13. Nf4 Nxd4 14.
Ncxd5 Bxd5 15. Qxd4 Bc6 16. Bxf6 Qxf6 17. Qxf6 gxf6 18.
Bxc6 bxc6 19. Nh5 Rfd8 20. Nxf6+ Kg7 21. Nh5+ Kh6 22. Nf4 Rd2 23. Rc1 Rad8 24. Nd3 c5 25. g3 Re8 26. Nf4 Bc3 27. Rc4 Bb2 28. Rb1 Bd4 29. Rf1 f5 30. c3 Be5 31. Rxc5 Bxf4 32.
gxf4 Kg6 33. Rxa5 Re4 34. Ra4 Rxa4 35. bxa4 Ra2 36. Rc1 Rxa4 37. c4 Ra6 38. Rc3 Kh5 39. Kg2 Kg4 40. c5 Rc6 41. Rc4 h6 42. f3+ Kh4 43.
Kf2 Kh3 44. Ke3 Kxh2 45. Kd4 Kg3 46. Kd5 Rc8 47. c6 h5 48. c7 h4 49. Kd6 h3 50.
Kd7 Rxc7+ 51. Kxc7 h2 52. Rc1 Kxf4 53. Rh1 Kg3 54.
Kd6 Kg2 55. Rxh2+ Kxh2 56. Ke5 Kg3 57. Kxf5 Kxf3 1/2-1/2

[Event "*** SCC Grand Prix: Titled Tuesday Blitz"]
[Site "Chess.com"]
[Date "2020.08.25"]
[Round "4"]
[White "Jumbo"]
[Black "Unkreativ3"]
[Result "1-0"]
[WhiteElo "2795"]
[BlackElo "2489"]
[TimeControl "180+1"]
[EndTime "10:41:39 PDT"]
[Termination "Jumbo won on time"]

1. e4 c5 2. Nf3 Nc6 3. Bb5 g6 4. O-O Bg7 5. Re1 Nf6 6. c3 O-O 7.
h3 d5 8. e5 Ne8 9. d4 cxd4 10.
cxd4 Nc7 11. Bf1 Bf5 12. Nc3 Nb4 13. g4 Be4 14. Nxe4 dxe4 15. Rxe4 Qd5 16. Re3 Rac8 17. Rb3 Nc6 18. Be3 Rfd8 19. Rc1 Ne6 20. Bg2 Qd7 21.
Rbc3 Rb8 22. Rc4 Nxe5 23. Nxe5 Bxe5 24. d5 Nf8 25. Bxa7 Ra8 26. Bb6 Rdc8 27. Rxc8 Rxc8 28. b3 Ra8 29. a4 Bd6 30. Qd2 Rc8 31. Rxc8 Qxc8 32. Bf1 Nd7 33. Bd4 Nc5 34. Qe3 b6 35. Bb5 e5 36. dxe6 Nxe6 37. Bxb6 Qc2 38. Bf1 Bf4 39. Qd3 Qa2 40. a5 Be5 41. Qe3 Qa1 42. a6 Nf4 43. a7 Nd5 44. Qc5 Nf4 45. Qe3 Kg7 46. Bc5 Ne6 47. Qf3 Nxc5 48. a8=Q 1-0